 Dungeon Crawl Stone Soup version 0.20.0 (webtiles) character file.

118829 atomicknyte the Cruncher (level 16, -10/106 HPs)
             Began as a Gargoyle Gladiator on May 31, 2017.
             Was a High Priest of Makhleb.
             Mangled by a vault guard
             ... wielding a +1 great sword of slicing
              (23 damage)
             ... on level 13 of the Dungeon on June 1, 2017.
             The game lasted 03:52:16 (28172 turns).

atomicknyte the Cruncher (Gargoyle Gladiator)      Turns: 28172, Time: 03:52:17

Health: -10/106    AC: 34    Str: 22    XL:     16   Next: 77%
Magic:  24/24      EV: 20    Int: 11    God:    Makhleb [*****.]
Gold:   1339       SH:  0    Dex: 19    Spells: 20/21 levels left

rFire    . . .     SeeInvis +   a - +4 quarterstaff (chaos)
rCold    . . .     Gourm    .   (shield currently unavailable)
rNeg     + + .     Faith    .   X - +4 ring mail "Boyfon" {*Drain MR+ rCorr}
rPois    ∞         Spirit   .   t - +1 helmet
rElec    +         Reflect  .   T - +2 cloak
rCorr    +         Harm     .   E - +1 pair of gloves {archery}
MR       ++...                  Z - +2 pair of boots
Stlth    +.........             e - amulet of regeneration
Regen    0.7/turn               I - ring "Jixig" {rN+ Str+3 SInv}
MPRegen  0.2/turn               u - +4 ring of dexterity

@: flying
A: big wings, negative energy resistance 1, electricity resistance, unbreathing,
petrification resistance, rot immunity, AC +11
a: Stop Flying, Minor Destruction, Lesser Servant of Makhleb, Major Destruction,
Greater Servant of Makhleb, Renounce Religion


You were on level 13 of the Dungeon.
You worshipped Makhleb.
Makhleb was extremely pleased with you.
You were not hungry.

You visited 5 branches of the dungeon, and saw 27 of its levels.

You collected 2400 gold pieces.
You spent 1061 gold pieces at shops.

Inventory:

Hand Weapons
 a - a +4 quarterstaff of chaos (weapon)
 b - the +3 hunting sling "Woniom" {venom, +Blink SInv}
   (You found it on level 5 of the Lair of Beasts)

   It poisons the ammo it fires.
   It lets you see invisible.
   It lets you blink.
Missiles
 s - 153 sling bullets
 D - 40 tomahawks (quivered)
 O - a throwing net
 S - 207 stones
Armour
 t - a +1 helmet (worn)
 E - a +1 pair of gloves of archery (worn)
 T - a +2 cloak (worn)
 U - a scarf of resistance
 X - the +4 ring mail "Boyfon" (worn) {*Drain MR+ rCorr}
   (You found it on level 10 of the Dungeon)

   It affects your resistance to hostile enchantments.
   It protects you from acid and corrosion.
   It causes draining when unequipped.
 Z - a +2 pair of boots (worn)
Jewellery
 e - an amulet of regeneration (around neck)
 q - an uncursed ring of magical power
 u - a +4 ring of dexterity (right hand)
 v - an uncursed ring of stealth
 C - an uncursed ring of protection from magic
 I - the ring "Jixig" (left hand) {rN+ Str+3 SInv}
   (You found it on level 4 of the Lair of Beasts)

   [ring of see invisible]

   It affects your strength (+3).
   It protects you from negative energy.
   It lets you see invisible.
 J - an uncursed ring of teleportation
 K - a +2 amulet of reflection {unknown}
 Q - an uncursed amulet of the gourmand
Wands
 c - a wand of disintegration (13/24)
 d - a wand of confusion (27/48)
 l - a wand of iceblast (8/15)
 n - a wand of digging (12/24)
 p - a wand of lightning (5/15)
 y - a wand of clouds (3/9)
Scrolls
 h - 6 scrolls of teleportation
 j - a scroll of fear
 o - 5 scrolls of recharging
 r - 8 scrolls of remove curse
 G - a scroll of fog {unknown}
 P - 3 scrolls of acquirement {unknown}
Potions
 i - a potion of resistance
 k - 3 potions of heal wounds
 m - a potion of haste
 x - a potion of degeneration {unknown}
 z - 6 potions of curing
 A - 4 potions of cancellation
 B - 4 potions of brilliance
 F - 2 potions of ambrosia
 H - a potion of agility
 R - a potion of invisibility {unknown}
 W - 2 potions of magic
Miscellaneous
 M - a lamp of fire (inert)
 N - a phantom mirror
 Y - a fan of gales
Comestibles
 f - 15 bread rations
 g - 8 royal jellies
 L - 9 meat rations
 V - 18 fruits


   Skills:
 + Level 14.0 Fighting
 - Level 14.0 Staves
 - Level 6.0 Throwing
 - Level 10.5 Armour
 * Level 11.1 Dodging
 - Level 3.1 Spellcasting
 - Level 3.2 Summonings
 - Level 11.8 Invocations
 - Level 9.2 Evocations


You had 20 spell levels left.
You knew the following spells:

 Your Spells              Type           Power        Failure   Level  Hunger
a - Summon Butterflies    Summ           #.......     10%         1    #......


Dungeon Overview and Level Annotations

Branches:
Dungeon (14/15)            Temple (0/1) D:4            Lair (6/6) D:11
 Shoals (2/4) Lair:3        Snake (3/4) Lair:3        Slime (0/5) Lair:5
    Orc (2/2) D:9             Elf (0/3) Orc:2        Vaults (0/5) D:13

Altars:
Elyvilon
Makhleb
Okawaru
Ru
Yredelemnul
Jiyva

Shops:
D:4 *   D:7 %   D:8 }   D:9 ([   D:11 ?   Orc:2 [*:

Annotations:
D:7 InabaYap's ghost, novice DEWz
Shoals:2 Nikola


Innate Abilities, Weirdness & Mutations

You are resistant to torment.
Your stone body is resilient. (AC +11)
You are immune to poison.
Your large and strong wings let you fly indefinitely.
You resist negative energy. (rN+)
You are resistant to electric shocks. (rElec)
You can survive without breathing.
You are immune to petrification.
You are immune to rotting.


Message History

You barely miss the vault guard.
The vault guard is lightly wounded.
The vault guard hits you with a great sword of slicing.
A demon appears!
The vault guard completely misses you.
You sock the vault guard!
The vault guard is lightly wounded.
The vault guard hits you with a great sword of slicing!
You hit the vault guard.
The vault guard seems to slow down.
The vault guard is lightly wounded.
The vault guard is no longer moving slowly.
Your ynoxinul barely misses the vault guard.
You hit the vault guard.
The vault guard is moderately wounded.
The vault guard hits you with a great sword of slicing!
* * * LOW HITPOINT WARNING * * *
x2
As you read the scroll of fear, it crumbles to dust.
You assume a fearsome visage.
Your ynoxinul is unaffected.
The vault guard hits you with a great sword of slicing!!
You die...

#.....#...#
#.....#.(.#...#
#....>#.(.#...#
#....[#...#...#
#.....#.(.#...#
#.....#.>.#...#
#.....#.3.#...#
#.....#.p.#...#
#.....#(.@#..<###.##
#.....#..<...........
#....................
#####################


You could see a vault guard (berserk) and a friendly ynoxinul.

Vanquished Creatures
  Rupert (Snake:1)
  A fire giant (D:12)
  3 nagarajas (Snake:2)
  A storm dragon (D:12)
  An iron dragon (D:12)
  2 ettins
  A merfolk impaler (Shoals:1)
  6 hydras
  3 naga warriors
  The ghost of AlphabetPasta the Zephyrmancer, a journeyman DEAE of Vehumet (Lair:1)
  2 merfolk avatars (Shoals:1)
  Fannar (Lair:2)
  3 vault guards (D:13)
  A catoblepas (Lair:6)
  A centaur warrior (D:12)
  7 two-headed ogres
  The ghost of Geoffrax the Nimble, a journeyman FeTm of Makhleb (Lair:6)
  3 anacondas
  2 tengu warriors
  An orc high priest (Orc:1)
  A deep troll earth mage (D:12)
  3 naga sharpshooters
  4 shock serpents (Snake:1)
  Sonja (Lair:1)
  2 sea snakes (Shoals:1)
  A salamander mystic (Snake:2)
  2 unseen horrors
  A naga ritualist (Snake:2)
  4 ugly things
  A wolf spider (D:12)
  2 orc knights
  5 harpies (Shoals:1)
  3 oklob plants (Lair:1)
  4 orc sorcerers
  3 manticores
  A faun (Shoals:1)
  3 mana vipers (Snake:2)
  5 salamanders
  3 cyclopes
  11 black mambas
  9 elephants
  4 guardian serpents
  3 naga magi
  21 spiny frogs
  3 rime drakes (Lair:6)
  6 komodo dragons
  A kobold demonologist (D:12)
  A freezing wraith (D:12)
  A meliai (Lair:6)
  5 merfolk (Shoals:1)
  A polar bear (Snake:2)
  A hornet (D:9)
  9 trolls
  3 tyrant leeches (Lair:6)
  A slime creature (D:12)
  16 blink frogs
  2 snapping turtles (Shoals:1)
  8 dream sheep
  A hippogriff (shapeshifter) (Lair:4)
  A raiju (Lair:3)
  10 hippogriffs
  A spriggan (shapeshifter) (D:10)
  A yak (shapeshifter) (D:12)
  A spriggan (D:7)
  2 water elementals (Shoals:1)
  A shadow (D:12)
  A human (shapeshifter) (D:13)
  2 wraiths
  47 yaks
  2 basilisks (Lair:2)
  A steam dragon (D:9)
  2 hungry ghosts
  6 vampire mosquitoes
  A warg (Orc:2)
  16 nagas
  A soldier ant (D:12)
  13 water moccasins
  17 porcupines
  5 sky beasts
  22 orc warriors
  6 ice beasts
  3 black bears
  An eye of draining (shapeshifter) (D:12)
  23 ogres
  5 wolves
  10 centaurs
  4 phantoms
  14 crocodiles
  A big kobold (D:4)
  33 bullfrogs
  A wyvern zombie (D:11)
  3 gnoll sergeants
  7 scorpions
  A water moccasin skeleton (D:7)
  2 killer bees
  4 wights
  A howler monkey (D:5)
  An electric eel (Lair:5)
  3 crimson imps
  A quasit (D:11)
  6 hounds
  7 jellies
  A bullfrog zombie (D:6)
  A centaur zombie (D:6)
  A centaur skeleton (D:8)
  16 orc priests
  16 orc wizards
  Crazy Yiuf (D:5)
  3 bullfrog skeletons
  4 iguanas
  9 worker ants
  A hound skeleton (D:6)
  Robin (D:2)
  A howler monkey zombie (D:11)
  2 worker ant zombies
  A gnoll (shapeshifter) (D:9)
  8 gnolls
  8 adders
  A river rat (D:3)
  4 shadow imps
  2 oozes
  An adder zombie (D:5)
  2 adder skeletons
  3 worms
  A dart slug (D:1)
  5 leopard geckos
  59 orcs
  4 bats
  9 giant cockroaches
  15 goblins
  9 hobgoblins
  2 jackals (D:1)
  13 kobolds
  3 quokkas
  4 ball pythons
  A ball python skeleton (D:4)
  2 frilled lizards (D:3)
  A leopard gecko skeleton (D:7)
  A leopard gecko zombie (D:5)
  A quokka skeleton (D:7)
  9 rats
  A tentacle (Shoals:1)
715 creatures vanquished.

Vanquished Creatures (collateral kills)
  A kraken (Shoals:1)
  2 nagarajas (Snake:2)
  A naga warrior (Snake:1)
  4 hydras
  A merfolk aquamancer (Shoals:1)
  A deep troll earth mage (D:12)
  A cyclops (D:11)
  A guardian serpent (Snake:2)
  A spiny frog (Lair:6)
  2 rime drakes (Lair:6)
  3 merfolk (Shoals:1)
  A wind drake (Shoals:1)
  3 blink frogs (Lair:1)
  2 dream sheep (Shoals:1)
  A hippogriff (Lair:6)
  A tyrant leech (Lair:6)
  2 water elementals (Shoals:1)
  A golden eye (Lair:1)
  2 nagas
  A porcupine (Lair:1)
  4 wolves
  2 bullfrogs (Lair:6)
  A wight (D:11)
  An electric eel (Lair:6)
  A fungus (Lair:2)
  4 plants
  A tentacle (Shoals:1)
46 creatures vanquished.

Vanquished Creatures (others)
  A cyclops (D:12)
  A merfolk (Shoals:1)
  A hippogriff (Lair:2)
  A wraith (D:7)
  A warg (Orc:1)
  A wight (D:11)
  A worker ant zombie (D:9)
  25 fungi
  25 plants
  15 tentacles (Shoals:1)
72 creatures vanquished.

Grand Total: 833 creatures vanquished

Notes
Turn   | Place    | Note
-------+----------+-------------------------------------------
     0 | D:1      | atomicknyte the Gargoyle Gladiator began the quest for the Orb.
     0 | D:1      | Reached XP level 1. HP: 12/12 MP: 1/1
   103 | D:1      | Reached XP level 2. HP: 18/18 MP: 2/2
   715 | D:2      | You fall through a shaft for 2 floors!
   843 | D:2      | Found a burning altar of Makhleb.
   860 | D:2      | Reached XP level 3. HP: 14/23 MP: 3/3
  1161 | D:2      | Noticed Robin
  1187 | D:2      | Reached XP level 4. HP: 19/28 MP: 4/4
  1461 | D:2      | Found a white marble altar of Elyvilon.
  1607 | D:2      | Killed Robin
  1701 | D:2      | Became a worshipper of Makhleb the Destroyer
  1853 | D:3      | Reached XP level 5. HP: 33/33 MP: 5/5
  2495 | D:4      | Reached * piety under Makhleb
  2700 | D:4      | Noticed a big kobold
  2709 | D:4      | Killed a big kobold
  2709 | D:4      | Reached skill level 5 in Fighting
  2709 | D:4      | Reached skill level 5 in Staves
  2709 | D:4      | Reached XP level 6. HP: 40/40 MP: 6/6
  2816 | D:4      | Found a staircase to the Ecumenical Temple.
  2944 | D:4      | Found Tukohyteo's Assorted Antiques.
  2952 | D:4      | Bought a pair of runed boots for 172 gold pieces
  2952 | D:4      | Bought a scroll labeled BEMUAG ERGHUUPN for 23 gold pieces
  3021 | D:4      | Noticed a phantom
  3290 | D:5      | Entered Level 5 of the Dungeon
  3301 | D:5      | Reached XP level 7. HP: 45/45 MP: 7/7
  3493 | D:5      | Noticed a hungry ghost
  3588 | D:4      | Killed a hungry ghost
  3588 | D:4      | Reached XP level 8. HP: 53/53 MP: 8/8
  3802 | D:5      | Reached ** piety under Makhleb
  3981 | D:5      | Found a runed door.
  4043 | D:5      | Noticed Crazy Yiuf
  4049 | D:5      | Killed Crazy Yiuf
  4964 | D:6      | Noticed a troll
  4976 | D:6      | Killed a troll
  4976 | D:6      | Reached XP level 9. HP: 54/60 MP: 9/9
  5396 | D:7      | Noticed a two-headed ogre
  5472 | D:7      | Reached skill level 10 in Fighting
  5527 | D:7      | Found Goequzur's Food Shoppe.
  5570 | D:8      | Reached skill level 1 in Armour
  5640 | D:7      | Reached skill level 10 in Staves
  5662 | D:7      | Noticed a tengu warrior
  5663 | D:7      | Noticed a troll
  5939 | D:7      | Got a smoking leather armour
  5951 | D:7      | Killed a tengu warrior
  5951 | D:7      | Reached XP level 10. HP: 67/68 MP: 10/10
  6141 | D:7      | Reached skill level 5 in Armour
  6186 | D:7      | Reached *** piety under Makhleb
  6305 | D:7      | Noticed InabaYap's ghost (novice DEWz)
  6320 | D:7      | Killed a two-headed ogre
  6410 | D:8      | Identified the +3 leather armour "Zybreos" {Int+4} (You found it on level 7 of the Dungeon)
  6854 | D:8      | Noticed a two-headed ogre
  6879 | D:8      | Killed a two-headed ogre
  7011 | D:8      | Reached XP level 11. HP: 72/72 MP: 11/11
  7078 | D:8      | Found Yqikesih's Gadget Emporium.
  7154 | D:8      | Found an iron altar of Okawaru.
  7165 | D:8      | Found a sacrificial altar of Ru.
  7165 | D:8      | Found a basalt altar of Yredelemnul.
  7335 | D:8      | Reached skill level 1 in Invocations
  7634 | D:9      | Found Rauneki's Armour Shoppe.
  7636 | D:9      | Found a staircase to the Orcish Mines.
  7644 | D:9      | Found Asuubu's Weapon Shoppe.
  7753 | D:10     | Entered Level 10 of the Dungeon
  7788 | D:9      | Reached **** piety under Makhleb
  7797 | D:9      | Noticed a two-headed ogre
  7810 | D:9      | Killed a two-headed ogre
  7896 | D:10     | Killed an unseen horror
  8230 | D:9      | Noticed a two-headed ogre
  8250 | D:9      | Noticed a manticore
  8250 | D:9      | a two-headed ogre changed into a manticore
  8253 | D:9      | Killed a manticore
  8631 | D:10     | Got a distressingly furry ring mail
  8653 | D:10     | Identified the +4 ring mail "Boyfon" {*Drain MR+ rCorr} (You found it on level 10 of the Dungeon)
  9279 | D:11     | Found a staircase to the Lair.
  9386 | D:12     | Noticed an eight-headed hydra
  9557 | D:11     | Found Beaf Doc's Magic Scroll Shop.
  9579 | D:11     | Bought a scroll of blinking for 97 gold pieces
  9579 | D:11     | Bought a scroll of fear for 45 gold pieces
  9579 | D:11     | Bought a scroll of identify for 26 gold pieces
  9579 | D:11     | Bought a scroll of identify for 26 gold pieces
  9579 | D:11     | Bought a scroll of identify for 26 gold pieces
  9579 | D:11     | Bought a scroll of identify for 26 gold pieces
  9637 | D:11     | Reached XP level 12. HP: 77/77 MP: 14/14
  9736 | D:11     | Noticed a six-headed hydra
  9743 | D:11     | Killed a six-headed hydra
 10074 | Lair:1   | Entered Level 1 of the Lair of Beasts
 10219 | Lair:1   | Reached ***** piety under Makhleb
 10378 | Lair:1   | Noticed Sonja
 10388 | Lair:1   | Noticed a four-headed hydra
 10391 | Lair:1   | Killed Sonja
 10391 | Lair:1   | Reached skill level 5 in Dodging
 10396 | Lair:1   | Killed a four-headed hydra
 10402 | Lair:1   | Noticed a four-headed hydra
 10408 | Lair:1   | Killed a four-headed hydra
 10731 | Lair:1   | Noticed AlphabetPasta's ghost (journeyman DEAE)
 10871 | Lair:1   | Killed AlphabetPasta's ghost
 10884 | Lair:1   | Reached skill level 10 in Armour
 11420 | Lair:1   | Reached XP level 13. HP: 82/82 MP: 15/15
 12334 | Lair:2   | Noticed Fannar
 12368 | Lair:2   | Killed Fannar
 12439 | Lair:2   | Learned a level 1 spell: Summon Butterflies
 12497 | Lair:3   | Found a staircase to the Shoals.
 12603 | Lair:3   | Found a staircase to the Snake Pit.
 12657 | Lair:3   | Reached skill level 1 in Spellcasting
 12657 | Lair:3   | Reached skill level 1 in Summonings
 13940 | Lair:4   | Got a crude lapis lazuli ring
 13955 | Lair:4   | Reached skill level 5 in Invocations
 14256 | Lair:4   | Reached skill level 1 in Evocations
 14437 | Lair:4   | Identified the ring "Jixig" {rN+ Str+3 SInv} (You found it on level 4 of the Lair of Beasts)
 14936 | Lair:6   | Entered Level 6 of the Lair of Beasts
 14977 | Lair:6   | Noticed Geoffrax's ghost (journeyman FeTm)
 15130 | Lair:5   | Found a viscous altar of Jiyva.
 15130 | Lair:5   | Found a staircase to the Slime Pits.
 15790 | Lair:5   | Got a bloodstained hunting sling
 15871 | Lair:5   | Gained mutation: Your large and strong wings let you fly indefinitely. [Gargoyle growth]
 15871 | Lair:5   | Reached XP level 14. HP: 65/88 MP: 19/19
 16066 | Lair:6   | HP: 3/88 [Geoffrax's ghost (7)]
 16357 | Lair:5   | Reached skill level 5 in Evocations
 16677 | Lair:6   | Killed Geoffrax's ghost
 17070 | Lair:6   | Reached skill level 10 in Invocations
 17842 | D:10     | Reached ****** piety under Makhleb
 17959 | D:4      | Bought a scroll of identify for 46 gold pieces
 18199 | Orc:1    | Entered Level 1 of the Orcish Mines
 18802 | Orc:2    | Entered Level 2 of the Orcish Mines
 18840 | Orc:2    | Found Uqeys's Antique Armour Shop.
 18840 | Orc:2    | Found Nuishuruori's General Store.
 19732 | D:12     | Identified the +3 hunting sling "Woniom" {venom, +Blink SInv} (You found it on level 5 of the Lair of Beasts)
 20099 | D:12     | Reached XP level 15. HP: 83/92 MP: 23/23
 20107 | D:12     | Noticed an iron dragon
 20141 | D:12     | Killed an iron dragon
 20259 | D:12     | Noticed a fire giant
 20273 | D:12     | Killed a fire giant
 20334 | D:12     | Noticed a storm dragon
 20528 | Shoals:1 | Entered Level 1 of the Shoals
 20724 | Shoals:1 | Noticed a kraken
 21118 | Shoals:2 | Noticed Nikola
 21181 | Shoals:1 | HP: 4/94 [tentacle[a kraken] (16)]
 21373 | Shoals:1 | Killed a kraken
 21484 | Shoals:1 | Found a runed door.
 21838 | Shoals:1 | Reached skill level 5 in Throwing
 22066 | Snake:1  | Entered Level 1 of the Snake Pit
 22673 | Orc:2    | Found a staircase to the Elven Halls.
 22680 | Orc:2    | Bought a scroll of teleportation for 42 gold pieces
 22699 | Orc:2    | Bought a pair of glowing gloves for 202 gold pieces
 23013 | Orc:2    | Found Gecountost's Book Boutique.
 23039 | Orc:2    | Noticed an orc warlord
 23576 | Snake:1  | Noticed Rupert
 23598 | Snake:1  | Killed Rupert
 23987 | Snake:2  | Reached XP level 16. HP: 96/103 MP: 24/24
 24103 | Snake:2  | Noticed a nagaraja
 24131 | Snake:2  | Killed a nagaraja
 24182 | Snake:2  | Noticed a nagaraja
 24185 | Snake:2  | Noticed a nagaraja
 24185 | Snake:2  | Noticed a nagaraja
 24192 | Snake:2  | HP: 5/104 [nagaraja/halberd (23)]
 24667 | Snake:2  | Killed a nagaraja
 24699 | Snake:2  | Killed a nagaraja
 24709 | Snake:2  | Killed a nagaraja
 25073 | Snake:2  | Reached skill level 10 in Dodging
 25660 | Snake:2  | Noticed a nagaraja
 25675 | Snake:2  | Killed a nagaraja
 26941 | D:7      | Bought a meat ration for 55 gold pieces
 26941 | D:7      | Bought a meat ration for 55 gold pieces
 26941 | D:7      | Bought a meat ration for 55 gold pieces
 26941 | D:7      | Bought a meat ration for 55 gold pieces
 26941 | D:7      | Bought a bread ration for 55 gold pieces
 26941 | D:7      | Bought a bread ration for 55 gold pieces
 27481 | D:12     | Killed a storm dragon
 27640 | D:13     | Found a gate to the Vaults.
 28172 | D:13     | Mangled by a vault guard

Skill      XL: |  1  2  3  4  5  6  7  8  9 10 11 12 13 14 15 16 |
---------------+-------------------------------------------------+-----
Fighting       | 3 4 5 7 9 10 12 14 | 14.0
Staves         | 4 5 7 8 10 11 14 | 14.0
Armour         | 4 7 8 10 | 10.5
Invocations    | 3 7 11 | 11.8
Dodging        | 7 8 11 | 11.1
Spellcasting   | 3 |  3.1
Summonings     | 3 |  3.2
Evocations     | 4 8 9 |  9.2
Throwing       | 6 |  6.0

Action                   |  1- 3 |  4- 6 |  7- 9 | 10-12 | 13-15 | 16-18 || total
-------------------------+-------+-------+-------+-------+-------+-------++-------
Melee: Quarterstaff      |    89 |   195 |   313 |   727 |  1895 |   407 ||  3626
 Fire: Hunting sling     |       |       |       |       |       |   118 ||   118
Throw: Javelin           |     3 |    31 |    10 |    28 |    26 |     8 ||   106
       Stone             |       |     3 |     3 |     6 |       |       ||    12
       Throwing net      |       |     3 |     2 |       |       |       ||     5
       Tomahawk          |       |       |       |    12 |    37 |    70 ||   119
 Cast: Summon Butterflie |       |       |       |       |    17 |     8 ||    25
Invok: Lesser Servant of |       |       |       |     9 |    17 |     7 ||    33
       Minor Destruction |       |       |       |       |     1 |       ||     1
       Greater Servant o |       |       |       |       |     4 |     1 ||     5
 Abil: Evoke Flight      |       |       |       |       |     1 |       ||     1
       Fly               |       |       |       |       |     1 |       ||     1
Evoke: Wand              |       |       |       |     8 |     1 |     4 ||    13
       Lamp of fire      |       |       |       |       |       |     1 ||     1
  Use: Scroll            |       |     1 |     8 |    12 |    20 |     4 ||    45
       Potion            |       |       |     1 |     1 |     5 |       ||     7
 Stab: Paralysed         |       |       |     3 |     9 |    26 |     1 ||    39
       Confused          |       |       |     1 |     2 |     6 |     1 ||    10
       Sleeping          |       |       |       |     1 |     2 |     1 ||     4
       Petrifying        |       |       |       |       |     8 |     3 ||    11
       Petrified         |       |       |       |       |     9 |       ||     9
       Distracted        |       |       |       |       |     2 |     2 ||     4
       Fleeing           |       |       |       |       |       |     1 ||     1
  Eat: Chunk             |     1 |     6 |     9 |    18 |    42 |     9 ||    85
       Fruit             |       |       |     4 |       |       |     6 ||    10
Armor: Leather armour    |    50 |    63 |   153 |   143 |       |       ||   409
       Ring mail         |       |       |       |   170 |   870 |   218 ||  1258
       Steam dragon scal |       |       |       |     9 |       |       ||     9
Dodge: Dodged            |    73 |   126 |   178 |   291 |  1308 |   296 ||  2272
